 Dungeon Crawl Stone Soup version 0.29.1-14-g9c671dbff4 (webtiles) character file.

Game seed: 5702049405359413946

0 booth the Conjurer (level 1, -22/17 HPs)
             Began as a Gnoll Wanderer on Feb 19, 2023.
             Killed by an exploding ball python (23 damage)
             ... ignited by their inner flame
             ... on level 1 of the Dungeon.
             The game lasted 00:01:31 (104 turns).

booth the Conjurer (Gnoll Wanderer)                  Turns: 104, Time: 00:01:32

Health: -22/17     AC:  3    Str:  7    XL:     1   Next: 0%
Magic:  1/4        EV: 12    Int: 18    God:
Gold:   0          SH:  0    Dex:  8    Spells: 3/5 levels left

rFire   . . .      SeeInvis .   a - +0 dagger
rCold   . . .      Faith    .   (no shield)
rNeg    . . .      Spirit   .   c - +0 robe
rPois   .          Reflect  .   (no helmet)
rElec   .          Harm     .   (no cloak)
rCorr   .          Rampage  .   (no gloves)
Will    .....                   d - +0 pair of boots
Stlth   ++........              (no amulet)
HPRegen 0.05/turn               (no ring)
MPRegen 0.09/turn               (no ring)

@: no status effects
A: fangs 1, strong nose, distributed training
a: no special abilities


You were on level 1 of the Dungeon.
You visited 1 branch of the dungeon, and saw 1 of its levels.

Inventory:

Hand Weapons
 a - a +0 dagger (weapon)
Armour
 c - a +0 robe (worn)
 d - a +0 pair of boots (worn)
Scrolls
 f - a scroll of poison {unknown}
Potions
 b - a potion of haste


   Skills:
 + Level 2.3 Fighting
 + Level 0.0 Short Blades
 + Level 0.0 Long Blades
 + Level 0.0 Axes
 + Level 0.0 Maces & Flails
 + Level 0.0 Polearms
 + Level 0.0 Staves
 + Level 0.0 Ranged Weapons
 + Level 0.0 Throwing
 + Level 0.0 Armour
 + Level 2.3 Dodging
 + Level 2.1 Stealth
 + Level 0.0 Shields
 + Level 0.0 Unarmed Combat
 + Level 2.6 Spellcasting
 + Level 5.3 Conjurations
 + Level 0.0 Hexes
 + Level 0.0 Summonings
 + Level 0.0 Necromancy
 + Level 0.0 Translocations
 + Level 0.0 Transmutations
 + Level 3.6 Fire Magic
 + Level 0.0 Ice Magic
 + Level 0.0 Air Magic
 + Level 0.0 Earth Magic
 + Level 0.0 Poison Magic
 + Level 2.3 Invocations
 + Level 0.0 Evocations


You had 3 spell levels left.
You knew the following spells:

 Your Spells              Type           Power      Damage    Failure   Level
a - Foxfire               Conj/Fire      72%        2x1d7     2%          1
b - Shock                 Conj/Air       44%        1d5       6%          1

Your spell library contained the following spells:

 Spells                   Type           Power      Damage    Failure   Level
 Conjure Flame            Conj/Fire      18%        6-21      9%          3
 Mephitic Cloud           Conj/Pois/Air  8%         N/A       24%         3
 Flame Wave               Conj/Fire      18%        2d7       26%         4


Dungeon Overview and Level Annotations

Branches:
Dungeon (1/15)

Altars:


Innate Abilities, Weirdness & Mutations

You have very sharp teeth.
Your uncanny sense of smell can sniff out nearby items.
Your experience applies equally to all skills.


Message History

Cast which spell? (? or * to list)
You conjure some foxfire!
The dart slug launches a dart at you. The slug dart hits you.
You barely miss the dart slug.
The dart slug is lightly wounded.
The foxfire hits the dart slug.
The dart slug is moderately wounded.
You hit the dart slug but do no damage.
The dart slug is moderately wounded.
The dart slug launches a dart at you. The slug dart hits you.
The dart slug launches a dart at you. The slug dart misses you.
Casting: Foxfire (safe; 2% risk of failure)
Confirm with . or Enter, or press ? or * to list all spells.
You conjure some foxfire!
The ball python hisses angrily.
You hit the dart slug but do no damage.
The dart slug is moderately wounded.
The foxfire hits the dart slug.
The dart slug is almost dead.
The foxfire hits the dart slug.
The dart slug is almost dead.
The dart slug launches a dart at you. The slug dart hits you.
* * * LOW HITPOINT WARNING * * *
Casting: Foxfire (safe; 2% risk of failure)
Confirm with . or Enter, or press ? or * to list all spells.
You conjure some foxfire!
The ball python bites you.
* * * LOW HITPOINT WARNING * * *
The ball python misses you. The dart slug bites you.
* * * LOW HITPOINT WARNING * * *
As you read the scroll labelled WIWIMNOPIT, it crumbles to dust.
The creatures around you are filled with an inner flame!
It was a scroll of immolation.
The foxfire hits the ball python.
The ball python explodes!
The fiery explosion engulfs you!!
Ouch! That really hurt!
You die...

#........ #
#........ #.
#......). ### #.
#......#
♣8####### #.#
#...... <.'.....#
#.§##....
♣8#####.# #§§##.#
### #.# ###§@wr#
#.# #..v>###
#.### #.####
#...# #.# #.#.#
#.# ...#.# #.#
#.#.#.# #.#
#.#.#.###.#######
# ..#...#.#.....#


You could see a dart slug (inner flame) and a quokka (inner flame).

Vanquished Creatures
  A ball python (D:1)
1 creature vanquished.

Vanquished Creatures (others)
  4 foxfires (D:1)
4 creatures vanquished.

Grand Total: 5 creatures vanquished

Notes
Turn   | Place    | Note
-------+----------+-------------------------------------------
     0 | D:1      | booth the Gnoll Wanderer began the quest for the Orb.
     0 | D:1      | booth set off with the following items: a +0 dagger, a
                  | potion of haste, a +0 robe, a +0 pair of boots; and the
                  | following spells available to memorise: Foxfire, Shock,
                  | Conjure Flame, Mephitic Cloud, Flame Wave.
     0 | D:1      | Reached XP level 1. HP: 17/17 MP: 4/4
    13 | D:1      | Learned a level 1 spell: Foxfire
    15 | D:1      | Learned a level 1 spell: Shock
   104 | D:1      | Killed by an exploding ball python... ignited by their
                  | inner flame

Illustrated notes

Levels and vault maps discovered:
D:1:      saegor_arrival_simple_b, layout_basic,
          shapermc_ecumenical_altar_mp_urbaneastern, st_stairs_11,
          minmay_tiny_reverse_x

Action                   || total
-------------------------++-------
Melee: Dagger            ||     4
 Cast: Foxfire           ||     3
  Use: Scroll            ||     1
Dodge: Dodged            ||     4
